 Dungeon Crawl Stone Soup version 0.23-a0-622-g59b4ea9 (webtiles) character file.

8 TheGoonsmith the Ruffian (level 2, -1/22 HPs)
             Began as a Naga Transmuter on Dec 23, 2018.
             Slain by a jackal (2 damage)
             ... on level 1 of the Dungeon.
             The game lasted 00:00:48 (209 turns).

TheGoonsmith the Ruffian (Naga Transmuter)           Turns: 209, Time: 00:00:49

Health: -1/22      AC:  1    Str: 12    XL:     2   Next: 8%
Magic:  4/5        EV: 10    Int: 13    God:
Gold:   10         SH:  0    Dex: 11    Spells: 4/5 levels left

rFire    . . .     SeeInvis +     - Unarmed
rCold    . . .     Gourm    .   (no shield)
rNeg     . . .     Faith    .   b - +0 robe
rPois    +         Spirit   .   (no helmet)
rElec    .         Reflect  .   (no cloak)
rCorr    .         Harm     .   (no gloves)
MR       .....                  (no barding)
Stlth    +.........             (no amulet)
HPRegen  0.07/turn              (no ring)
MPRegen  0.09/turn              (no ring)

@: short of breath, appendage (expiring), very slow
A: large, horns 2, stinger 1, see invisible, deformed body, frail 1, poison
resistance, slowness 2, slow metabolism 1, spit poison 1, MP-powered wands, AC
+0
a: Spit Poison, End Transformation


You were on level 1 of the Dungeon.
You were not hungry.
You had grown temporary horns.
You visited 1 branch of the dungeon, and saw 1 of its levels.

You collected 10 gold pieces.

Inventory:

Missiles
 a - 12 arrows
Armour
 b - a +0 robe (worn)
Scrolls
 e - 2 scrolls of fog {unknown}
Comestibles
 d - a ration
 f - 4 chunks of flesh


   Skills:
 + Level 1.5 Fighting
 - Level 1.5 Dodging
 + Level 3.3 Unarmed Combat
 - Level 2.0 Spellcasting
 - Level 2.0 Transmutations


You had 4 spell levels left.
You knew the following spells:

 Your Spells              Type           Power        Failure   Level  Hunger
a - Beastly Appendage     Tmut           #.....       11%         1    ##.....

Your spell library contained the following spells:

 Spells                   Type           Power        Failure   Level  Hunger
 Sticks to Snakes         Tmut           #.......     17%         2    ###....
 Spider Form              Tmut/Pois      #.........   45%         3    ####...
 Ice Form                 Ice/Tmut       #.......     86%         4    #####..
 Blade Hands              Tmut           #.........   97%         5    ######.


Dungeon Overview and Level Annotations

Branches:
Dungeon (1/15)

Altars:


Innate Abilities, Weirdness & Mutations

You cannot wear boots.
Your serpentine skin is tough. (AC +0)
You have supernaturally acute eyesight. (SInv)
Armour fits poorly on your strangely shaped body.
Your system is resistant to poisons. (rPois)
You cover ground very slowly.
You have a slow metabolism.
You can spit poison.
You have a pair of horns on your head.
Your tail ends in a poisonous barb.
You are frail. (-10% HP)
You expend magic power (3 MP) to strengthen your wands.


Message History

The jackal barely misses you. The jackal closely misses you.
Unknown command.
It was a potion of mutation.
You feel extremely strange.
You feel your magical essence link to your wands.
You feel frail.
A poisonous barb forms on the end of your tail.
The jackal barely misses you. The jackal misses you. The jackal bites you.
* * * LOW HITPOINT WARNING * * *
The jackal bites you.
* * * LOW HITPOINT WARNING * * *
You closely miss the jackal.
You headbutt the jackal, but do no damage.
The jackal barely misses you. The jackal bites you.
* * * LOW HITPOINT WARNING * * *
The jackal bites you but does no damage.
The jackal barely misses you.
Unknown command.
You aren't carrying any potions.
You barely miss the jackal. The jackal bites you.
You die...

.......#...####............
...........# ##............
...#.......##..........####
............#..........#...
............#..........#...
............#.......<..#...
............#....8.....#...
............#...♣......#...
..........@.#..........#...
#......†hhh#..........#...
..........#..........#...
.........)###........#
#######..........#...#
#...... ..?...... .........
.........


You could see 3 jackals.

Vanquished Creatures
  A leopard gecko (D:1)
  2 bats (D:1)
  A goblin (D:1)
  A hobgoblin (D:1)
  A kobold (D:1)
  A rat (D:1)
7 creatures vanquished.

Notes
Turn   | Place    | Note
-------+----------+-------------------------------------------
     0 | D:1      | TheGoonsmith the Naga Transmuter began the quest for the
                  | Orb.
     0 | D:1      | Reached XP level 1. HP: 18/18 MP: 3/3
   195 | D:1      | Reached XP level 2. HP: 25/25 MP: 3/5
   207 | D:1      | Gained mutation: You expend magic power (3 MP) to
                  | strengthen your wands. [potion of mutation]
   207 | D:1      | Gained mutation: You are frail. (-10% HP) [potion of
                  | mutation]
   207 | D:1      | Gained mutation: Your tail ends in a poisonous barb.
                  | [potion of mutation]
   208 | D:1      | HP: 1/22 [jackal (1)]
   209 | D:1      | Slain by a jackal

Vault maps used:
D:1:      wander_arrival_peaceful_grave

Action                   || total
-------------------------++-------
Melee: Unarmed           ||    16
       Headbutt          ||     2
       Punch             ||     1
 Cast: Beastly Appendage ||     3
 Abil: Spit Poison       ||     5
  Use: Potion            ||     1
Armor: Robe              ||    10
Dodge: Dodged            ||    19

Table legend:
 A = Non-vault XP
 B = Vault XP
 C = Vault XP percentage of total XP
 D = Non-vault monster count
 E = Vault monster count
 F = Vault count percentage of total count
                 A         B        C        D         E       F
            +---------+---------+-------+---------+---------+-------
      Total |      12 |       0 |   0.0 |       7 |       0 |   0.0
            +---------+---------+-------+---------+---------+-------
        D:1 |      12 |       0 |   0.0 |       7 |       0 |   0.0
            +---------+---------+-------+---------+---------+-------
